 Dungeon Crawl Stone Soup version 0.31-a0-1610-g9787180 (webtiles) character file.

Game seed: 7971548586502980392

2529 PidgeyThePirate the Cleaver (level 9, -6/61 (74) HPs)
             Began as a Gnoll Chaos Knight on Jan 8, 2024.
             Was a Plaything of Xom.
             Mangled by a wight
             ... wielding a +4 long sword
              (8 damage)
             ... on level 6 of the Dungeon.
             The game lasted 00:15:32 (5238 turns).

PidgeyThePirate the Cleaver (Gnoll Chaos Knight)    Turns: 5238, Time: 00:15:33

HP:   -6/61 (74)    AC: 11    Str: 15    XL:     9   Next: 54%
MP:   14/14         EV:  8    Int: 16    God:    Xom [..*...]
Gold: 295           SH:  7    Dex: 10    Spells: 17/17 levels left

rFire   . . .        b - +0 hand axe (chaos)
rCold   + . .        z - +3 buckler
rNeg    . . .        x - +0 chain mail
rPois   +            w - +0 hat
rElec   .            (no cloak)
rCorr   .            e - +0 pair of gloves
SInv    +            (no boots)
Will    .....        (no amulet) Stlth
                     p - ring of protection from cold
HPRegen 0.30/turn    m - ring of see invisible
MPRegen 0.14/turn

%: no passive effects
@: heavily drained
A: fangs 1, strong nose, distributed training, talons 1, clever 1, low MP 1,
poison resistance
a: Renounce Religion


You were on level 6 of the Dungeon.
You worshipped Xom.
You were a toy of Xom.
You visited 1 branch of the dungeon, and saw 6 of its levels.

You collected 295 gold pieces.

Inventory:

Hand Weapons
 a - the +9 sling "Xeg Ror" {drain, rC+ Str+3 Int+3}
   (You found it on level 3 of the Dungeon)

   Str+3:     It affects your strength (+3).
   Int+3:     It affects your intelligence (+3).
   rC+:       It protects you from cold.
 b - a +0 hand axe of chaos (weapon)
Armour
 e - a +0 pair of gloves (worn)
 h - a +0 ring mail
 o - a +0 pair of gloves
 w - a +0 hat (worn)
 x - a +0 chain mail (worn)
 z - a +3 buckler (worn)
 A - a +2 leather armour
Jewellery
 m - a ring of see invisible (right hand)
 p - a ring of protection from cold (left hand)
Wands
 s - a wand of mindburst (17)
 y - a wand of roots (9)
Scrolls
 c - a scroll of butterflies
 g - 3 scrolls of identify
 k - a scroll of enchant armour
 l - 3 scrolls of vulnerability
 n - a scroll of poison {unknown}
 r - a scroll of noise
 B - 2 scrolls of fog {unknown}
 C - a scroll of fear {unknown}
Potions
 d - 2 potions of attraction
 f - 5 potions of curing
 i - a potion of enlightenment
 j - 2 potions of invisibility
 q - a potion of magic
 t - a potion of brilliance
 u - a potion of heal wounds


   Skills:
 + Level 8.0 Fighting
 + Level 4.5 Short Blades
 + Level 4.5 Long Blades
 + Level 8.0 Axes
 + Level 4.5 Maces & Flails
 + Level 4.5 Polearms
 + Level 4.5 Staves
 + Level 4.5 Ranged Weapons
 + Level 4.5 Throwing
 + Level 6.5 Armour
 + Level 5.2 Dodging
 + Level 4.5 Stealth
 + Level 4.5 Shields
 + Level 4.5 Unarmed Combat
 + Level 4.5 Spellcasting
 + Level 3.7 Conjurations
 + Level 3.7 Hexes
 + Level 3.7 Summonings
 + Level 3.7 Necromancy
 + Level 3.7 Translocations
 + Level 3.7 Fire Magic
 + Level 3.7 Ice Magic
 + Level 3.7 Air Magic
 + Level 3.7 Earth Magic
 + Level 3.7 Alchemy
 + Level 5.0 Invocations
 + Level 4.5 Evocations
 + Level 4.1 Shapeshifting


You had 17 spell levels left.
You didn't know any spells.
Your spell library contained the following spells:

 Spells                   Type           Power      Damage    Failure   Level
 Slow                     Hex            60%        N/A       45%         1
 Confusing Touch          Hex            15%        N/A       83%         3
 Sigil of Binding         Hex            15%        N/A       83%         3
 Vampiric Draining        Necr           15%        2d7       83%         3


Dungeon Overview and Level Annotations

Branches:
Dungeon (6/15)             Temple (0/1) D:4

Altars:
Cheibriados
Nemelex Xobeh


Innate Abilities, Weirdness & Mutations

You have very sharp teeth.
Your uncanny sense of smell can sniff out nearby items.
Your experience applies equally to all skills.
You have sharp toenails.
Your mind is acute. (Int +4, Str/Dex -1)
Your magical capacity is low. (-10% MP)
Your system is resistant to poisons. (rPois)


Message History

Found a potion of attraction and 10 gold pieces.
Found a stone staircase leading up.
d - 2 potions of attraction (gained 1)
You now have 295 gold pieces (gained 10).
f - 5 potions of curing (gained 1)
m - a ring of see invisible
m - a ring of see invisible (right hand)
n - a scroll labelled BUWOTEOZAOG A wight is nearby!
A wight is nearby! "This might be better!"
The wight seems to grow stronger.
The wight barely misses you.
You barely miss the wight.
The wight is moderately damaged.
The wight barely misses you.
You closely miss the wight. Your kick misses the wight. You bite the wight.
The wight is moderately damaged.
The wight hits you with a +4 long sword!
The wight attacks as it pursues you!
The wight hits you with a +4 long sword.
The wight hits you with a +4 long sword!
You hit the wight but do no damage.
The wight suddenly stops moving!
You claw the wight. You bite the wight, but do no damage.
The wight is heavily damaged.
The wight is no longer paralysed.
The wight barely misses you.
You hit the wight but do no damage.
The wight is heavily damaged.
The wight hits you with a +4 long sword!
You feel drained.
The wight hits you from afar with a +4 halberd!
You feel drained.
You barely miss the wight. You claw the wight.
The wight is severely damaged.
The wight hits you with a +4 long sword!!
* * * LOW HITPOINT WARNING * * *
Xom roars with laughter!
You feel drained.
You die...
Xom roars with laughter!

.##. . .##..#.... # .. ..
.#..#...##.# ..
..#...#....#.#
##...#......# ###
#.#..z.#.....# ##..
......#z....## ######..#
##.....z.# ###........
##...?##z## #....#..#..#
#.......#@####..#.#..#..#.
.......##...#...##...#..#..
....#.##.#....# #..#..#..#
#....#..##.#..## #.#..#..#.
####.......##..###.........
.....######......#####..
..## ##.......###.. ##
#........#... ##...........


You could see 2 wights.

Vanquished Creatures
  A rime drake (D:5)
  Grinder (D:4)
  Edmund (D:4)
  A water moccasin (D:6)
  2 black bears (D:4)
  An ogre (D:5)
  A kobold brigand (D:4)
  The ghost of Superstore the Trooper, an amateur VSFi of Makhleb (D:3)
  Blork the orc (D:4)
  10 scorpions
  3 wights (D:6)
  A killer bee (D:5)
  4 hounds
  3 orc priests
  A sleepcap (D:5)
  An iguana (D:5)
  3 orc wizards
  3 gnolls (D:5)
  10 adders
  A white imp (D:5)
  4 ufetubi
  3 ribbon worms
  5 dart slugs
  13 orcs
  6 endoplasms
  5 giant cockroaches
  9 goblins
  8 hobgoblins
  8 jackals (D:1)
  21 kobolds
  3 quokkas
  11 ball pythons
  7 bats
  4 frilled lizards
  7 rats
  2 butterflies (D:5)
166 creatures vanquished.

Vanquished Creatures (collateral kills)
  A giant cockroach (D:1)
  2 goblins
  A kobold (D:1)
4 creatures vanquished.

Vanquished Creatures (others)
  A hobgoblin zombie (D:1)
1 creature vanquished.

Grand Total: 171 creatures vanquished

Notes
Turn   | Place    | Note
-------+----------+-------------------------------------------
     0 | D:1      | PidgeyThePirate the Gnoll Chaos Knight began the quest for
                  | the Orb.
     0 | D:1      | Reached XP level 1. HP: 23/23 MP: 1/1
     2 | D:1      | XOM: divination: magic mapping
    48 | D:1      | XOM: silly message
    83 | D:1      | Reached XP level 2. HP: 29/29 MP: 2/2
   135 | D:1      | XOM: silly message
   307 | D:1      | Reached XP level 3. HP: 32/35 MP: 3/3
   321 | D:1      | XOM: divination: magic mapping
   570 | D:1      | Reached skill level 1 in Invocations
   775 | D:2      | Reached skill level 1 in Short Blades
   775 | D:2      | Reached skill level 1 in Long Blades
   775 | D:2      | Reached skill level 1 in Maces & Flails
   775 | D:2      | Reached skill level 1 in Polearms
   775 | D:2      | Reached skill level 1 in Staves
   775 | D:2      | Reached skill level 1 in Ranged Weapons
   775 | D:2      | Reached skill level 1 in Throwing
   775 | D:2      | Reached skill level 1 in Stealth
   775 | D:2      | Reached skill level 1 in Shields
   775 | D:2      | Reached skill level 1 in Unarmed Combat
   775 | D:2      | Reached skill level 1 in Spellcasting
   775 | D:2      | Reached skill level 1 in Evocations
   943 | D:2      | Reached skill level 1 in Shapeshifting
   943 | D:2      | Reached XP level 4. HP: 41/41 MP: 5/5
  1075 | D:2      | Reached skill level 1 in Conjurations
  1075 | D:2      | Reached skill level 1 in Hexes
  1075 | D:2      | Reached skill level 1 in Summonings
  1075 | D:2      | Reached skill level 1 in Necromancy
  1075 | D:2      | Reached skill level 1 in Translocations
  1075 | D:2      | Reached skill level 1 in Fire Magic
  1075 | D:2      | Reached skill level 1 in Ice Magic
  1075 | D:2      | Reached skill level 1 in Air Magic
  1075 | D:2      | Reached skill level 1 in Earth Magic
  1075 | D:2      | Reached skill level 1 in Alchemy
  1546 | D:2      | Found a faded altar of an unknown god.
  1655 | D:3      | Noticed Superstore's ghost (amateur VSFi)
  1655 | D:3      | Found a transporter.
  1674 | D:3      | Reached XP level 5. HP: 20/47 MP: 5/7
  1765 | D:3      | Found a transporter.
  2115 | D:3      | Found a sparkling altar of Nemelex Xobeh.
  2365 | D:3      | Gained mutation: Your magical capacity is low. (-10% MP)
                  | [potion of mutation]
  2365 | D:3      | Gained mutation: Your mind is acute. (Int +4, Str/Dex -1)
                  | [potion of mutation]
  2365 | D:3      | Gained mutation: Your system is resistant to poisons.
                  | (rPois) [potion of mutation]
  2365 | D:3      | Gained mutation: You have sharp toenails. [potion of
                  | mutation]
  2377 | D:3      | XOM: confuse monster(s)
  2383 | D:3      | Killed Superstore's ghost
  2384 | D:3      | Reached skill level 5 in Armour
  2384 | D:3      | Reached XP level 6. HP: 35/53 MP: 6/8
  2391 | D:3      | Identified the +9 sling "Xeg Ror" {drain, rC+ Str+3 Int+3}
  2699 | D:4      | Noticed a black bear
  2701 | D:4      | XOM: cast spell 'Olgreb's Toxic Radiance'
  2707 | D:4      | Killed a black bear
  2708 | D:4      | Reached XP level 7. HP: 57/60 MP: 9/9
  3040 | D:4      | Found a staircase to the Ecumenical Temple.
  3047 | D:4      | Noticed Grinder
  3048 | D:4      | Noticed Edmund
  3060 | D:4      | XOM: enchant monster (good)
  3061 | D:4      | XOM: noise
  3068 | D:4      | Killed Grinder
  3072 | D:4      | Killed Edmund
  3073 | D:4      | Reached XP level 8. HP: 48/67 MP: 9/11
  3212 | D:4      | XOM: confuse monster(s)
  3214 | D:4      | XOM: polymorph kobold brigand -> hound
  3220 | D:4      | XOM: silly message
  3274 | D:4      | XOM: chaos upgrade
  3297 | D:4      | Noticed Blork the orc
  3312 | D:4      | Killed Blork the orc
  3630 | D:5      | Entered Level 5 of the Dungeon
  3634 | D:5      | XOM: noise
  3635 | D:5      | XOM: silly message
  3654 | D:5      | XOM: divination: detect items
  3910 | D:5      | XOM: potion effect (attraction)
  3930 | D:5      | XOM: potion effect (invisibility)
  4013 | D:5      | a water moccasin changed into a rime drake
  4013 | D:5      | Noticed a rime drake
  4017 | D:5      | Killed a rime drake
  4070 | D:5      | Found a snail-covered altar of Cheibriados.
  4162 | D:5      | XOM: silly message
  4284 | D:5      | Reached XP level 9. HP: 73/73 MP: 13/13
  4395 | D:5      | Found a runed translucent door.
  4414 | D:5      | Found a runed translucent door.
  4435 | D:5      | XOM: blink monster(s)
  4436 | D:5      | XOM: enchant monster (bad)
  4453 | D:5      | Reached skill level 5 in Dodging
  4818 | D:6      | Reached skill level 5 in Invocations
  4964 | D:6      | XOM: noise
  5221 | D:6      | XOM: enchant monster (bad)
  5238 | D:6      | HP: 2/64 [wight/+4 long sword (20)]
  5238 | D:6      | Mangled by a wight

Illustrated notes

Levels and vault maps discovered:
D:1:      dpeg_arrival_arbitrary_b, layout_loops_ring
D:2:      layout_basic, hellmonk_ecumenical_altar_lost_god
D:3:      layout_rooms, nemelex_altar_shiori, gammafunk_ghost_arena,
          minmay_distorted
D:4:      cheibrodos_thug_alley, layout_basic, temple_pool_b, uniq_edmund,
          uniq_blork_the_orc, uniq_grinder
D:5:      lemuel_insect_pit, layout_basic, mainiacjoe_overflow_cross_hatched,
          minmay_crossroads
D:6:      hellmonk_ruined_rings, layout_cave_pods, kennysheep_mini,
          general_overflow_altar, minmay_misc_feat_diagonals

Skill      XL: |  1  2  3  4  5  6  7  8  9 |
---------------+----------------------------+-----
Invocations    | 1 2 3 4 5 |  5.0
Short Blades   | 1 2 3 4 |  4.5
Long Blades    | 1 2 3 4 |  4.5
Maces & Flails | 1 2 3 4 |  4.5
Polearms       | 1 2 3 4 |  4.5
Staves         | 1 2 3 4 |  4.5
Ranged Weapons | 1 2 3 4 |  4.5
Throwing       | 1 2 3 4 |  4.5
Stealth        | 1 2 3 4 |  4.5
Shields        | 1 2 3 4 |  4.5
Unarmed Combat | 1 2 3 4 |  4.5
Spellcasting   | 1 2 3 4 |  4.5
Evocations     | 1 2 3 4 |  4.5
Shapeshifting  | 1 2 3 4 |  4.1
Conjurations   | 1 2 3 |  3.7
Hexes          | 1 2 3 |  3.7
Summonings     | 1 2 3 |  3.7
Necromancy     | 1 2 3 |  3.7
Translocations | 1 2 3 |  3.7
Fire Magic     | 1 2 3 |  3.7
Ice Magic      | 1 2 3 |  3.7
Air Magic      | 1 2 3 |  3.7
Earth Magic    | 1 2 3 |  3.7
Alchemy        | 1 2 3 |  3.7
Dodging        | 3 4 5 |  5.2
Armour         | 5 6 |  6.5
Fighting       | 7 8 |  8.0
Axes           | 7 8 |  8.0

Action                     |  1- 3 |  4- 6 |  7- 9 || total
---------------------------+-------+-------+-------++-------
  Melee: Hand axe          |   117 |   156 |   243 ||   516
         Bite              |    11 |    17 |    22 ||    50
         Punch             |     1 |     4 |     2 ||     7
         Kick              |       |     8 |    81 ||    89
   Fire: Sling             |       |    20 |    14 ||    34
    Use: Potion            |       |     9 |     5 ||    14
         Scroll            |       |     5 |     2 ||     7
   Stab: Invisible         |       |     4 |     4 ||     8
         Petrified         |       |       |     2 ||     2
         Petrifying        |       |       |     1 ||     1
         Paralysed         |       |       |     1 ||     1
         Confused          |       |       |     6 ||     6
         Held in net/web   |       |       |     1 ||     1
 Armour: Leather armour    |     9 |       |       ||     9
         Ring mail         |    73 |    94 |       ||   167
         Chain mail        |       |    36 |   238 ||   274
  Dodge: Dodged            |    76 |   110 |   111 ||   297
  Block: Buckler           |       |       |    75 ||    75

Table legend: (Time is in decaauts)
 A = Elapsed time spent in this place.
 B = Non-inter-level travel time spent in this place.
 C = Inter-level travel time spent in this place.
 D = Time resting spent in this place.
 E = Time spent auto-exploring this place.
 F = Levels seen in this place.
 G = Mean time per level.
                   A        B        C        D        E       F      G
               +--------+--------+--------+--------+--------+-----+--------+
         Total |   5236 |   5060 |    176 |      0 |   3610 |   6 |  872.7 |
       Dungeon |   5236 |   5060 |    176 |      0 |   3610 |   6 |  872.7 |
               +--------+--------+--------+--------+--------+-----+--------+

Top non-repeatable levels by time:
     D:4: 1077 daAuts
     D:5: 970 daAuts
     D:2: 930 daAuts
     D:3: 903 daAuts
     D:1: 719 daAuts
     D:6: 635 daAuts
